[ AOE2 MATCH · #504885621 ]
UnrankedJapanese vs Muisca
Player's team · LOSS
Rival team · WIN
[ REPLAY ANALYSIS · EXTRACTED FROM THE RECORDED GAME ]
Feudal
10:06
Castle
22:02
Imperial
36:26
| APM avg | 74.8 |
| APM peak | 107 |
| eAPM avg | 30.0 |
| Villagers / military | 177 / 159 |
Focus
⚔️ 48.3% · 🌾 51.7%
Skirmisher ×114 · Samurai ×16 · Trebuchet (Packed) ×10 · Mangonel ×6 · Militia ×5 · Cavalry Archer ×4
Feudal
8:25
Castle
21:58
Imperial
37:01
| APM avg | 70.3 |
| APM peak | 136 |
| eAPM avg | 38.6 |
| Villagers / military | 177 / 55 |
Focus
⚔️ 54.6% · 🌾 45.4%
Unknown (2562) ×117 · Monk ×17 · Mangonel ×15 · Skirmisher ×14 · Unknown (2586) ×9 · Trebuchet (Packed) ×7
Match map
Initial resources + every placement click. Lines = walls · curves = elevation contours. ◆ gold · ⬟ stone · ● berries · ✦ relic · ◌ wall gap
Your base· ✓ Closed at 22:02 · 31t walls · 1 gate(s)
wR.Monoz's base· Open — 7t gap
Smoothed initial terrain · ◌ = detected wall gap · hover for details
Inputs per minute
— Macluffy - - wR.Monoz
Build order — Macluffy
First 150 of 606 actions detected
| 0:00 | Create | Villager (Male) |
| 0:02 | Build | House |
| 0:02 | Build | House |
| 0:08 | Create | Villager (Male) |
| 0:16 | Create | Villager (Male) |
| 0:21 | Create | Villager (Male) |
| 1:25 | Create | Villager (Male) |
| 1:45 | Build | Lumber Camp |
| 1:58 | Create | Villager (Male) |
| 1:58 | Create | Villager (Male) |
| 2:16 | Create | Villager (Male) |
| 2:43 | Create | Villager (Male) |
| 3:02 | Create | Villager (Male) |
| 3:32 | Build | House |
| 3:33 | Create | Villager (Male) |
| 4:01 | Create | Villager (Male) |
| 4:14 | Build | Barracks |
| 4:28 | Create | Villager (Male) |
| 4:48 | Create | Villager (Male) |
| 4:53 | Create | Villager (Male) |
| 5:02 | Build | House |
| 5:06 | Create | Militia |
| 5:26 | Create | Villager (Male) |
| 5:30 | Create | Militia |
| 5:36 | Build | House |
| 5:49 | Build | Mill |
| 5:57 | Create | Militia |
| 6:06 | Create | Villager (Male) |
| 6:10 | Build | Palisade Wall |
| 6:14 | Create | Villager (Male) |
| 6:41 | Build | House |
| 6:43 | Build | Palisade Wall |
| 7:05 | Create | Villager (Male) |
| 7:29 | Research | Loom |
| 7:50 | Research | Feudal Age |
| 7:54 | Build | Mining Camp |
| 7:57 | Build | Mining Camp |
| 8:14 | Build | House |
| 8:16 | Build | Palisade Wall |
| 8:46 | Create | Militia |
| 9:08 | Create | Villager (Male) |
| 9:10 | Create | Militia |
| 10:06 | Age | Feudal Age |
| 10:07 | Research | Man-at-Arms (upgrade) |
| 10:08 | Build | Archery Range |
| 10:14 | Research | Arson |
| 10:14 | Research | Arson |
| 10:15 | Create | Villager (Male) |
| 10:33 | Create | Villager (Male) |
| 10:45 | Create | Villager (Male) |
| 10:48 | Build | House |
| 10:52 | Build | Palisade Gate |
| 10:55 | Build | Farm |
| 10:59 | Create | Skirmisher |
| 11:08 | Create | Skirmisher |
| 11:16 | Build | Farm |
| 11:17 | Create | Villager (Male) |
| 11:24 | Build | Farm |
| 11:29 | Create | Skirmisher |
| 11:33 | Build | Palisade Wall |
| 11:34 | Build | Palisade Wall |
| 11:53 | Build | Farm |
| 11:56 | Create | Skirmisher |
| 12:09 | Build | Palisade Wall |
| 12:14 | Create | Villager (Male) |
| 12:31 | Build | Palisade Wall |
| 12:41 | Create | Skirmisher |
| 12:42 | Create | Villager (Male) |
| 12:51 | Create | Skirmisher |
| 12:59 | Create | Villager (Male) |
| 13:01 | Build | Farm |
| 13:02 | Build | Farm |
| 13:12 | Build | House |
| 13:18 | Create | Skirmisher |
| 13:30 | Create | Villager (Male) |
| 13:31 | Build | Farm |
| 13:38 | Create | Villager (Male) |
| 13:58 | Create | Villager (Male) |
| 14:06 | Build | Blacksmith |
| 14:15 | Create | Skirmisher |
| 14:25 | Create | Villager (Male) |
| 14:29 | Build | Lumber Camp |
| 14:29 | Create | Villager (Male) |
| 14:43 | Build | House |
| 14:54 | Research | Fletching |
| 15:04 | Create | Skirmisher |
| 15:06 | Build | Farm |
| 15:11 | Build | House |
| 15:18 | Create | Villager (Male) |
| 15:40 | Create | Skirmisher |
| 15:42 | Build | Farm |
| 15:48 | Create | Skirmisher |
| 16:04 | Create | Skirmisher |
| 16:11 | Build | Farm |
| 16:11 | Create | Villager (Male) |
| 16:13 | Build | Farm |
| 16:14 | Build | Farm |
| 16:17 | Create | Skirmisher |
| 16:28 | Create | Villager (Male) |
| 16:30 | Build | Farm |
| 16:34 | Build | Market |
| 16:37 | Create | Skirmisher |
| 16:40 | Create | Villager (Male) |
| 16:52 | Research | Double-Bit Axe |
| 17:06 | Build | Farm |
| 17:08 | Build | Farm |
| 17:14 | Create | Villager (Male) |
| 17:21 | Create | Villager (Male) |
| 17:27 | Create | Skirmisher |
| 17:31 | Build | Farm |
| 17:33 | Build | Farm |
| 17:47 | Create | Skirmisher |
| 17:50 | Create | Villager (Male) |
| 18:01 | Create | Villager (Male) |
| 18:07 | Create | Skirmisher |
| 18:16 | Build | Farm |
| 18:17 | Build | Farm |
| 18:21 | Create | Villager (Male) |
| 18:37 | Create | Villager (Male) |
| 18:46 | Create | Villager (Male) |
| 19:06 | Create | Villager (Male) |
| 19:22 | Research | Castle Age |
| 19:27 | Create | Skirmisher |
| 19:36 | Build | Farm |
| 19:37 | Research | Horse Collar |
| 19:41 | Create | Skirmisher |
| 19:53 | Build | Farm |
| 20:01 | Create | Skirmisher |
| 20:04 | Build | Lumber Camp |
| 20:16 | Create | Skirmisher |
| 20:17 | Create | Villager (Male) |
| 20:23 | Create | Skirmisher |
| 20:29 | Research | Gold Mining |
| 20:43 | Create | Villager (Male) |
| 21:10 | Create | Skirmisher |
| 21:34 | Research | Padded Archer Armor |
| 21:51 | Create | Skirmisher |
| 22:02 | Age | Castle Age |
| 22:10 | Create | Villager (Male) |
| 22:14 | Research | Elite Skirmisher (upgrade) |
| 22:22 | Build | Town Center |
| 22:26 | Create | Villager (Male) |
| 22:38 | Create | Villager (Male) |
| 22:47 | Build | Town Center |
| 22:49 | Create | Skirmisher |
| 22:50 | Create | Villager (Male) |
| 23:00 | Build | Farm |
| 23:04 | Create | Villager (Male) |
| 23:07 | Research | Wheelbarrow |
| 23:13 | Create | Skirmisher |
Build order — wR.Monoz
First 150 of 507 actions detected
| 0:00 | Create | Villager (Male) |
| 0:00 | Create | Villager (Male) |
| 0:01 | Create | Villager (Male) |
| 0:02 | Build | House |
| 0:02 | Build | House |
| 0:09 | Create | Villager (Male) |
| 0:09 | Create | Villager (Male) |
| 1:19 | Build | House |
| 1:36 | Create | Villager (Male) |
| 1:36 | Create | Villager (Male) |
| 1:44 | Build | Settlement |
| 1:57 | Create | Villager (Male) |
| 1:57 | Create | Villager (Male) |
| 2:09 | Create | Villager (Male) |
| 2:09 | Create | Villager (Male) |
| 2:09 | Create | Villager (Male) |
| 2:40 | Create | Villager (Male) |
| 2:40 | Create | Villager (Male) |
| 2:59 | Create | Villager (Male) |
| 2:59 | Create | Villager (Male) |
| 3:41 | Create | Villager (Male) |
| 3:59 | Create | Villager (Male) |
| 3:59 | Create | Villager (Male) |
| 4:24 | Create | Villager (Male) |
| 4:51 | Create | Villager (Male) |
| 5:16 | Create | Villager (Male) |
| 5:41 | Create | Villager (Male) |
| 6:03 | Build | Settlement |
| 6:12 | Research | Feudal Age |
| 6:57 | Build | Barracks |
| 7:07 | Research | Loom |
| 7:07 | Create | Villager (Male) |
| 7:19 | Build | Palisade Wall |
| 7:26 | Build | Palisade Wall |
| 7:32 | Build | Barracks |
| 7:51 | Build | Palisade Wall |
| 7:52 | Build | Palisade Wall |
| 7:54 | Build | Palisade Wall |
| 7:56 | Build | Palisade Wall |
| 7:58 | Build | Palisade Wall |
| 7:59 | Build | Palisade Wall |
| 8:02 | Build | Palisade Wall |
| 8:10 | Build | House |
| 8:14 | Build | Palisade Wall |
| 8:15 | Build | Palisade Wall |
| 8:25 | Age | Feudal Age |
| 8:26 | Build | Palisade Wall |
| 8:31 | Build | Archery Range |
| 8:47 | Build | House |
| 8:55 | Create | Villager (Male) |
| 9:04 | Research | Double-Bit Axe |
| 9:05 | Research | Double-Bit Axe |
| 9:17 | Build | Palisade Wall |
| 9:18 | Build | Palisade Wall |
| 9:18 | Build | Palisade Wall |
| 9:18 | Build | Palisade Wall |
| 9:20 | Build | Palisade Wall |
| 9:27 | Research | Horse Collar |
| 9:32 | Build | Palisade Wall |
| 9:35 | Create | Archer |
| 9:37 | Create | Villager (Male) |
| 9:39 | Create | Villager (Male) |
| 9:55 | Create | Villager (Male) |
| 10:06 | Build | Palisade Wall |
| 10:07 | Build | Farm |
| 10:09 | Build | Farm |
| 10:16 | Create | Skirmisher |
| 10:16 | Create | Skirmisher |
| 10:22 | Create | Villager (Male) |
| 10:22 | Create | Villager (Male) |
| 10:31 | Create | Spearman |
| 11:03 | Build | Blacksmith |
| 11:09 | Create | Skirmisher |
| 11:10 | Create | Villager (Male) |
| 11:21 | Create | Villager (Male) |
| 11:28 | Build | Farm |
| 11:31 | Create | Skirmisher |
| 11:33 | Create | Villager (Male) |
| 11:44 | Build | Farm |
| 11:50 | Build | Farm |
| 11:56 | Create | Villager (Male) |
| 11:56 | Create | Villager (Male) |
| 12:34 | Build | Palisade Wall |
| 12:35 | Research | Fletching |
| 12:39 | Build | Farm |
| 12:39 | Build | Farm |
| 12:51 | Create | Skirmisher |
| 12:59 | Create | Villager (Male) |
| 13:04 | Build | House |
| 13:35 | Create | Skirmisher |
| 13:38 | Build | Farm |
| 13:41 | Create | Villager (Male) |
| 13:48 | Build | Farm |
| 13:50 | Create | Villager (Male) |
| 13:51 | Create | Skirmisher |
| 13:51 | Create | Skirmisher |
| 14:00 | Create | Skirmisher |
| 14:00 | Create | Skirmisher |
| 14:18 | Build | Farm |
| 14:19 | Build | Farm |
| 14:25 | Create | Villager (Male) |
| 14:30 | Build | House |
| 14:32 | Research | Town Watch |
| 14:36 | Build | Watch Tower |
| 14:47 | Build | Settlement |
| 14:57 | Build | Stone Wall |
| 15:01 | Build | House |
| 15:02 | Create | Villager (Male) |
| 15:04 | Build | Farm |
| 15:06 | Build | House |
| 15:07 | Build | House |
| 15:13 | Create | Skirmisher |
| 15:14 | Create | Skirmisher |
| 15:39 | Create | Villager (Male) |
| 15:42 | Create | Villager (Male) |
| 15:43 | Create | Villager (Male) |
| 16:05 | Create | Villager (Male) |
| 16:06 | Build | Farm |
| 16:06 | Build | Farm |
| 16:07 | Build | Farm |
| 16:09 | Build | Farm |
| 16:10 | Build | House |
| 16:16 | Create | Skirmisher |
| 16:33 | Build | Farm |
| 16:39 | Build | House |
| 16:41 | Build | House |
| 16:45 | Build | House |
| 16:47 | Build | Palisade Wall |
| 16:50 | Create | Skirmisher |
| 17:12 | Build | Stone Wall |
| 17:29 | Create | Villager (Male) |
| 17:31 | Build | Farm |
| 17:57 | Create | Villager (Male) |
| 18:08 | Build | Farm |
| 18:09 | Build | Farm |
| 18:16 | Build | Settlement |
| 18:28 | Create | Villager (Male) |
| 18:48 | Create | Villager (Male) |
| 19:11 | Research | Castle Age |
| 19:46 | Research | Gold Mining |
| 19:47 | Research | Gold Mining |
| 19:47 | Research | Stone Mining |
| 19:47 | Research | Stone Mining |
| 19:56 | Build | House |
| 20:12 | Research | Padded Archer Armor |
| 20:12 | Research | Padded Archer Armor |
| 21:06 | Build | Market |
| 21:38 | Research | Wheelbarrow |
| 21:58 | Age | Castle Age |
| 22:00 | Create | Villager (Male) |
Match timeline
| 4:14 | Macluffy · first_building Barracks |
| 6:10 | Macluffy · wall_segment Palisade Wall x6 |
| 6:43 | Macluffy · wall_segment Palisade Wall x4 |
| 6:57 | wR.Monoz · first_building Barracks |
| 7:19 | wR.Monoz · wall_segment Palisade Wall x1 |
| 7:26 | wR.Monoz · wall_segment Palisade Wall x2 |
| 7:51 | wR.Monoz · wall_segment Palisade Wall x1 |
| 7:52 | wR.Monoz · wall_segment Palisade Wall x1 |
| 7:54 | wR.Monoz · wall_segment Palisade Wall x1 |
| 7:56 | wR.Monoz · wall_segment Palisade Wall x1 |
| 7:58 | wR.Monoz · wall_segment Palisade Wall x1 |
| 7:59 | wR.Monoz · wall_segment Palisade Wall x1 |
| 8:02 | wR.Monoz · wall_segment Palisade Wall x1 |
| 8:14 | wR.Monoz · wall_segment Palisade Wall x1 |
| 8:15 | wR.Monoz · wall_segment Palisade Wall x1 |
| 8:16 | Macluffy · wall_segment Palisade Wall x11 |
| 8:25 | wR.Monoz · age_up feudal |
| 8:26 | wR.Monoz · wall_segment Palisade Wall x1 |
| 8:31 | wR.Monoz · first_building Archery Range |
| 9:17 | wR.Monoz · wall_segment Palisade Wall x1 |
| 9:18 | wR.Monoz · wall_segment Palisade Wall x1 |
| 9:18 | wR.Monoz · wall_segment Palisade Wall x1 |
| 9:18 | wR.Monoz · wall_segment Palisade Wall x1 |
| 9:20 | wR.Monoz · wall_segment Palisade Wall x1 |
| 9:32 | wR.Monoz · wall_segment Palisade Wall x1 |
| 10:06 | wR.Monoz · wall_segment Palisade Wall x1 |
| 10:06 | Macluffy · age_up feudal |
| 10:08 | Macluffy · first_building Archery Range |
| 11:33 | Macluffy · wall_segment Palisade Wall x1 |
| 11:34 | Macluffy · wall_segment Palisade Wall x2 |
| 12:09 | Macluffy · wall_segment Palisade Wall x6 |
| 12:31 | Macluffy · wall_segment Palisade Wall x1 |
| 12:34 | wR.Monoz · wall_segment Palisade Wall x1 |
| 14:57 | wR.Monoz · wall_segment Stone Wall x3 |
| 16:47 | wR.Monoz · wall_segment Palisade Wall x1 |
| 17:12 | wR.Monoz · wall_segment Stone Wall x1 |
| 18:30 | Macluffy · first_market_buy 100 food |
| 18:30 | Macluffy · first_market_sell 100 wood |
| 21:58 | wR.Monoz · age_up castle |
| 22:02 | Macluffy · age_up castle |
| 22:13 | wR.Monoz · first_market_sell 100 wood |
| 22:22 | wR.Monoz · first_market_buy 100 stone |
| 22:36 | wR.Monoz · first_building Castle |
| 23:02 | wR.Monoz · first_building Siege Workshop |
| 24:04 | wR.Monoz · wall_segment Stone Wall x1 |
| 24:05 | wR.Monoz · wall_segment Stone Wall x6 |
| 24:46 | Macluffy · first_building Monastery |
| 25:37 | Macluffy · first_building Siege Workshop |
| 29:55 | wR.Monoz · first_building Monastery |
| 32:41 | Macluffy · first_building Castle |
| 36:26 | Macluffy · age_up imperial |
| 37:01 | wR.Monoz · age_up imperial |
| 42:13 | Macluffy · first_building Stable |
| 48:41 | Macluffy · resign |
[ AI ANALYSIS · 1 CREDIT ]
What really happened in this match?
Wolo.gg analyzes every decision: build order, eco, micro, common mistakes by bracket. Personalized analysis on WhatsApp or Discord in 30 seconds.
Civ guide
Japanese
Perfil
Jugador #453821